 Dungeon Crawl Stone Soup version 0.19.5 (webtiles) character file.

7005 equalderp2856 the Gouger (level 10, -3/43 HPs)
             Began as a Felid Fighter on Mar 14, 2017.
             Slain by a freezing wraith (5 damage)
             ... in an ice cave.
             The game lasted 02:11:42 (33719 turns).

equalderp2856 the Gouger (Felid Fighter)           Turns: 33719, Time: 02:11:43

Health: -3/43      AC:  2    Str: 16    XL:     10   Next: 82%
Magic:  20/25      EV: 25    Int: 12    God:
Gold:   788        SH:  0    Dex: 16    Spells: 6 memorised, 17 levels left
                                        Lives:  0   Deaths: 3

rFire  . . .     SeeInvis +       - Unarmed
rCold  + . .     Gourm    .     (armour unavailable)
rNeg   . . .     Faith    .     (shield unavailable)
rPois  .         Spirit   .     (helmet unavailable)
rElec  .         Reflect  .     (cloak unavailable)
rCorr  .         Harm     .     (gloves unavailable)
MR     +....                    (boots unavailable)
Stlth  +++++.....               (no amulet)
                                l - +3 ring of strength
                                d - ring of protection from cold

@: slowed, repel missiles, slow
A: no armour, no weapons or thrown items, stealth, claws 1, fangs 3, see
invisible, carnivore 3, speed 1, shaggy fur 2, slow metabolism 1, sharp paws
a: no special abilities


You were in an ice cave.
You were not hungry.

You visited 2 branches of the dungeon, and saw 13 of its levels.
You also visited: Ossuary and Ice Cave.

You collected 788 gold pieces.

Inventory:

Missiles
 k - 319 arrows
Jewellery
 d - a ring of protection from cold (left paw)
 h - an uncursed ring of teleportation
 l - a +3 ring of strength (right paw)
 r - a +2 ring of intelligence
 x - an uncursed ring of see invisible
 C - an uncursed ring of wizardry
 P - a cursed amulet of inaccuracy
Wands
 y - a wand of confusion (11/48)
 G - a wand of teleportation (1/9)
 H - a wand of teleportation (5/9)
 J - a wand of paralysis (19/24)
 K - a wand of slowing (10/48)
 L - a wand of lightning (3/15)
Scrolls
 e - 3 scrolls of fear
 f - 3 scrolls of teleportation
 n - 8 scrolls of identify
 p - 6 scrolls of recharging
 t - 2 scrolls of noise
 v - 2 scrolls of remove curse
 z - 3 scrolls of blinking
Potions
 a - 4 potions of might
 c - 2 potions of invisibility {unknown}
 g - 2 potions of lignification {unknown}
 o - a potion of cancellation {unknown}
 q - a potion of degeneration {unknown}
 s - 2 potions of mutation {unknown}
 u - a potion of brilliance {unknown}
 w - a potion of flight {unknown}
 N - 2 potions of cure mutation {unknown}
 R - 2 potions of agility
Books
 j - the Guide on Changing
   (You acquired it in an ice cave)

   Spells                             Type                      Level
   a - Sticks to Snakes               Transmutation                2
   b - Ignite Poison                  Fire/Transmutation/Poison    3
 B - a book of Minor Magic

   Spells                             Type                      Level
   a - Magic Dart                     Conjuration                  1
   b - Blink                          Translocation                2
   c - Call Imp                       Summoning                    2
   d - Repel Missiles                 Charms/Air                   2
   e - Slow                           Hexes                        2
   f - Conjure Flame                  Conjuration/Fire             3
   g - Mephitic Cloud                 Conjuration/Poison/Air       3
 M - a book of Beasts

   Spells                             Type                      Level
   a - Summon Butterflies             Summoning                    1
   b - Call Canine Familiar           Summoning                    3
   c - Summon Ice Beast               Ice/Summoning                4
   d - Summon Mana Viper              Hexes/Summoning              5
   e - Summon Hydra                   Summoning                    7
Miscellaneous
 O - a lamp of fire
Comestibles
 b - 8 meat rations
 m - a slice of pizza
 E - 6 beef jerkies
 F - 4 bread rations


   Skills:
 + Level 4.5 Fighting
 + Level 9.4 Dodging
 + Level 9.2 Stealth
 + Level 12.7 Unarmed Combat
 * Level 10.1 Spellcasting
 + Level 2.0 Conjurations
 + Level 4.4 Hexes
 + Level 3.3 Summonings
 + Level 1.5 Translocations
 + Level 0.3 Fire Magic


You had 17 spell levels left.
You knew the following spells:

 Your Spells              Type           Power        Failure   Level  Hunger
a - Magic Dart            Conj           ##..         6%          1    None
b - Blink                 Tloc           N/A          12%         2    None
c - Slow                  Hex            ###.....     2%          2    None
d - Call Imp              Summ           ##......     6%          2    None
e - Repel Missiles        Chrm/Air       #.....       17%         2    None
f - Conjure Flame         Conj/Fire      #.......     24%         3    ##.....


Dungeon Overview and Level Annotations

Branches:
Dungeon (11/15)            Temple (0/1) D:6            Lair (2/6) D:10
 Shoals (0/4) Lair:2       Spider (0/4) Lair:2          Orc (0/2) D:10

Altars:
Ashenzari
Gozag
Hepliaklqana
Ru
Uskayaw
Xom
Zin
The Shining One
Beogh

Shops:
D:5 }   D:8 *%[(?

Annotations:
D:8 Trampli's ghost, novice HaFi
Lair:1 Azzok's ghost, journeyman DDEE


Innate Abilities, Weirdness & Mutations

You cannot wear armour.
You are incapable of wielding weapons or throwing items.
Your paws allow you to move quietly. (Stealth)
You have sharp claws.
You have razor-sharp teeth.
You have supernaturally acute eyesight. (SInv)
You are carnivorous and can eat meat at any time.
You cover ground quickly.
You are covered in thick fur. (AC +2)
You have a slow metabolism.
Your sharp claws are effective at attacking unaware monsters.


Message History

Confirm with . or Enter, or press ? or * to list all spells.
Aiming: Slow
Press: ? - help, Shift-Dir - straight line, f/p - freezing wraith
Aim: a freezing wraith (lightly damaged, chance to defeat MR: 36%)
The freezing wraith easily resists.
Casting: Slow
Confirm with . or Enter, or press ? or * to list all spells.
Aiming: Slow
Press: ? - help, Shift-Dir - straight line, f/p - freezing wraith
Aim: a freezing wraith (lightly damaged, chance to defeat MR: 36%)
The freezing wraith easily resists.
The freezing wraith hits you! The freezing wraith freezes you! You resist.
The freezing wraith barely misses you.
Your shadow imp barely misses the freezing wraith.
The freezing wraith hits you.
* * * LOW HITPOINT WARNING * * *
The freezing wraith freezes you. You resist.
* * * LOW HITPOINT WARNING * * *
The freezing wraith hits you.
You die...

######..# ##...###.##
##....5##..#
#...#.§.#..#
#..####....# ##..#
##...# ##5.## ##.##
##.W.# ### ###
##..@.## ..## ####
#......#
...#####..####.....##
.....##....##.......#
.∩.......#..........#
........###.........#
...##..## ###......##
..###### ##.....# ###
#......#


You could see a freezing wraith and a friendly shadow imp.

Vanquished Creatures
  2 hill giants
  A manticore (Lair:2)
  An elephant (D:10)
  A black mamba (Lair:1)
  A centaur zombie (D:9)
  A spiny frog (Lair:2)
  2 freezing wraiths
  A troll (D:9)
  A two-headed ogre (D:8)
  2 slime creatures (D:9)
  4 hippogriffs
  2 wyverns
  15 yaks
  3 water moccasins (Lair:1)
  A porcupine (Lair:1)
  6 orc warriors
  11 ice beasts
  2 sky beasts
  A black bear (D:9)
  4 phantoms
  A necrophage (D:8)
  8 ogres
  A wolf (D:9)
  7 centaurs
  2 crocodiles
  3 big kobolds
  10 bullfrogs
  5 gnoll sergeants
  5 scorpions
  9 killer bees
  3 wights (D:6)
  5 howler monkeys
  3 electric eels (D:9)
  6 crimson imps
  4 jellies
  10 orc priests
  3 bullfrog skeletons
  5 centaur skeletons
  3 gnoll shamans (D:9)
  11 hounds
  3 iguanas
  10 orc wizards
  9 worker ants
  A polar bear simulacrum (IceCv)
  3 wolf simulacra (IceCv)
  A hound skeleton (D:3)
  9 mummies
  A howler monkey zombie (D:6)
  3 worker ant zombies
  52 gnolls
  18 adders
  3 shadow imps
  15 white imps
  5 oozes
  An adder zombie (D:7)
  An adder skeleton (D:4)
  2 worms
  A dart slug (D:1)
  5 leopard geckos
  52 orcs
  8 bats
  6 giant cockroaches
  A gnoll zombie (Ossuary)
  10 goblins
  8 hobgoblins
  18 jackals
  19 kobolds
  5 quokkas
  3 ball pythons
  A ball python skeleton (D:5)
  7 frilled lizards
  A hobgoblin zombie (Ossuary)
  A jackal skeleton (D:8)
  4 kobold zombies (Ossuary)
  2 orc zombies (Ossuary)
  6 rats
461 creatures vanquished.

Vanquished Creatures (collateral kills)
  An ugly thing (D:9)
  A slime creature (D:9)
  3 yaks
  2 orc warriors (D:10)
  An ogre (D:9)
  A gnoll sergeant (D:9)
  An orc wizard (D:10)
  2 gnolls
  An adder (D:10)
  2 white imps (Lair:2)
  An orc (D:10)
16 creatures vanquished.

Vanquished Creatures (others)
  A gnoll (D:6)
  5 toadstools (D:1)
6 creatures vanquished.

Grand Total: 483 creatures vanquished

Notes
Turn   | Place    | Note
-------+----------+-------------------------------------------
     0 | D:1      | equalderp2856 the Felid Fighter began the quest for the Orb.
     0 | D:1      | Reached XP level 1. HP: 10/10 MP: 2/2
   359 | D:1      | Reached XP level 2. HP: 13/14 MP: 3/3
   709 | D:1      | You fall through a shaft!
   819 | D:2      | Reached XP level 3. HP: 9/17 MP: 4/4
  1694 | D:1      | Reached XP level 4. HP: 19/21 MP: 5/5
  1937 | D:2      | Reached skill level 5 in Unarmed Combat
  2542 | D:2      | Reached skill level 1 in Stealth
  3092 | D:2      | Reached XP level 5. HP: 23/24 MP: 6/6
  3413 | D:3      | Reached skill level 5 in Dodging
  4301 | D:3      | Reached skill level 6 in Unarmed Combat
  4681 | D:3      | Gained mutation: You are covered in thick fur. (AC +2) [Felid growth]
  4681 | D:3      | Reached XP level 6. HP: 24/28 MP: 7/7
  4733 | D:3      | Found a shattered altar of Ashenzari.
  5683 | D:4      | Found an opulent altar of Gozag.
  5761 | D:4      | Reached skill level 7 in Unarmed Combat
  6141 | D:4      | Reached XP level 7. HP: 20/31 MP: 8/8
  7177 | D:4      | Found a glowing golden altar of the Shining One.
  7177 | D:4      | Found a glowing silver altar of Zin.
  7185 | D:4      | Found a hide-covered altar of Uskayaw.
  7188 | D:4      | Found a shattered altar of Ashenzari.
  7190 | D:4      | Found a sacrificial altar of Ru.
  7394 | D:5      | Entered Level 5 of the Dungeon
  7460 | D:5      | Reached skill level 8 in Unarmed Combat
  7495 | D:5      | Reached XP level 8. HP: 36/36 MP: 9/9
  7512 | D:5      | Reached skill level 5 in Stealth
  7939 | D:5      | Reached skill level 9 in Unarmed Combat
  8106 | D:5      | Found Curah's Gadget Shop.
  8402 | D:6      | Found a sand-covered staircase.
  8409 | Ossuary  | Entered an ossuary
  9892 | D:6      | Reached skill level 10 in Unarmed Combat
  9892 | D:6      | Reached XP level 9. HP: 39/39 MP: 10/10
 10254 | D:6      | Found a staircase to the Ecumenical Temple.
 12724 | D:6      | Reached skill level 11 in Unarmed Combat
 13326 | D:7      | Learned a level 1 spell: Magic Dart
 13329 | D:7      | Learned a level 2 spell: Blink
 13332 | D:7      | Learned a level 2 spell: Slow
 13335 | D:7      | Learned a level 2 spell: Call Imp
 13581 | D:7      | Reached skill level 1 in Spellcasting
 13727 | D:6      | Learned a level 2 spell: Repel Missiles
 13984 | D:7      | Found a shimmering altar of Xom.
 13985 | D:7      | Found a hazy altar of Hepliaklqana.
 13986 | D:7      | Noticed a spectral ugly thing
 14691 | D:7      | Learned a level 3 spell: Conjure Flame
 15012 | D:8      | Found Lienid's Antique Weapon Boutique.
 15019 | D:8      | Reached XP level 10. HP: 43/43 MP: 14/16
 15262 | D:8      | Noticed Trampli's ghost (novice HaFi)
 15496 | D:8      | Found Suclud's Food Shoppe.
 15546 | D:8      | Found Piul's General Store.
 15610 | D:8      | Found Pygegutoz's Armour Boutique.
 15625 | D:8      | Reached skill level 5 in Spellcasting
 16063 | D:8      | Found Faohiv's Magic Scroll Shoppe.
 17355 | D:9      | Killed from afar by a gnoll
 17356 | D:9      | Reached XP level 9. HP: -4/39 MP: 19/19
 17666 | D:9      | Noticed a troll
 17854 | D:9      | Reached skill level 12 in Unarmed Combat
 19926 | D:9      | Reached skill level 1 in Translocations
 19926 | D:9      | Reached XP level 10. HP: 28/43 MP: 10/20
 21275 | D:9      | Killed from afar by an electric eel
 21276 | D:9      | Reached XP level 9. HP: -1/39 MP: 19/19
 21510 | D:9      | Killed a troll
 21510 | D:9      | Reached skill level 1 in Hexes
 22865 | D:8      | Reached skill level 1 in Conjurations
 25357 | D:9      | Noticed a freezing wraith
 26642 | D:9      | Killed a freezing wraith
 26642 | D:9      | Reached XP level 10. HP: 34/43 MP: 1/22
 26800 | D:9      | Reached skill level 1 in Summonings
 27132 | D:9      | Noticed a green ugly thing
 27271 | D:9      | Killed a green ugly thing
 28252 | D:10     | Entered Level 10 of the Dungeon
 28462 | D:10     | Found a staircase to the Lair.
 28463 | D:10     | Noticed an elephant
 28466 | D:10     | Noticed a hill giant
 28796 | D:10     | Killed an elephant
 28952 | D:10     | Noticed a hill giant
 29650 | D:9      | Killed a hill giant
 30191 | D:10     | Found a roughly hewn altar of Beogh.
 30191 | D:10     | Found a staircase to the Orcish Mines.
 30833 | D:10     | Killed a hill giant
 30930 | D:10     | Reached XP level 11. HP: 46/46 MP: 22/25
 31379 | D:11     | Noticed a hill giant
 31509 | Lair:1   | Entered Level 1 of the Lair of Beasts
 31539 | Lair:1   | Noticed Azzok's ghost (journeyman DDEE)
 32550 | Lair:2   | Noticed a five-headed hydra
 32556 | Lair:2   | Found a hole to the Spider Nest.
 32600 | Lair:2   | Slain by a wyvern
 32601 | Lair:2   | Reached XP level 10. HP: -5/43 MP: 10/24
 32601 | Lair:2   | Found a staircase to the Shoals.
 32601 | Lair:2   | Noticed a manticore
 32601 | Lair:2   | Killed a manticore
 32611 | Lair:2   | Noticed a spiny frog
 32618 | Lair:2   | Killed a spiny frog
 32622 | Lair:2   | Found a frozen archway.
 32819 | IceCv    | Entered an ice cave
 33233 | IceCv    | Reached skill level 10 in Spellcasting
 33397 | IceCv    | Identified a scroll of acquirement
 33397 | IceCv    | Identified the Guide on Changing (You acquired it in an ice cave)
 33719 | IceCv    | HP: 2/43 [freezing wraith (6)]
 33719 | IceCv    | Slain by a freezing wraith

Skill      XL: |  1  2  3  4  5  6  7  8  9 10 |
---------------+-------------------------------+-----
Unarmed Combat | 5 6 7 8 10 12 | 12.7
Stealth        | 1 2 3 4 6 8 9 |  9.2
Dodging        | 5 6 7 8 9 |  9.4
Fighting       | 4 |  4.5
Spellcasting   | 7 10 | 10.1
Translocations | 1 |  1.5
Hexes          | 1 4 |  4.4
Conjurations   | 1 2 |  2.0
Summonings     | 3 |  3.3
Fire Magic     | |  0.3

Action                   |  1- 3 |  4- 6 |  7- 9 | 10-12 || total
-------------------------+-------+-------+-------+-------++-------
Melee: Unarmed           |    80 |   231 |   647 |   500 ||  1458
       Bite              |     9 |    19 |    61 |    59 ||   148
       Punch             |     1 |     3 |    40 |    31 ||    75
 Cast: Magic Dart        |       |       |   252 |   161 ||   413
       Slow              |       |       |    47 |    83 ||   130
       Call Imp          |       |       |    26 |   108 ||   134
       Blink             |       |       |    17 |     3 ||    20
       Repel Missiles    |       |       |     5 |     3 ||     8
       Conjure Flame     |       |       |       |    21 ||    21
  Use: Potion            |     2 |       |     2 |     6 ||    10
       Scroll            |       |     6 |    10 |     5 ||    21
 Stab: Sleeping          |     1 |     3 |    20 |    14 ||    38
       Distracted        |       |       |     3 |     3 ||     6
  Eat: Chunk             |     3 |    13 |    30 |    22 ||    68
       Pizza             |       |       |     2 |       ||     2
       Royal jelly       |       |       |     1 |       ||     1
Armor: Skin              |     4 |     7 |    14 |     9 ||    34
Dodge: Dodged            |    71 |   189 |   614 |   371 ||  1245
       Deflected         |       |       |     6 |     9 ||    15
